 Dungeon Crawl Stone Soup version 0.31-a0-180-g519b7de00c (webtiles) character file.

Game seed: 10447707648275474149

12 qw the Shooter (level 2, 0/26 HPs)
             Began as a Naga Hunter on June 20, 2023.
             Slain by a frilled lizard (1 damage)
             ... on level 1 of the Dungeon.
             The game lasted 00:00:04 (162 turns).

qw the Shooter (Naga Hunter)                         Turns: 162, Time: 00:00:05

Health: 0/26       AC:  2    Str: 13    XL:     2   Next: 33%
Magic:  2/2        EV:  9    Int:  9    God:
Gold:   6          SH:  0    Dex: 14    Spells: 1/1 levels left

rFire   . . .        a - +0 shortbow
rCold   . . .        (shield currently unavailable)
rNeg    . . .        c - +0 leather armour
rPois   +            (no helmet)
rElec   .            (no cloak)
rCorr   .            (no gloves)
SInv    +            (no barding)
Will    .....        (no amulet)
Stlth   ++           (no ring)
HPRegen 0.24/turn    (no ring)
MPRegen 0.08/turn

%: no passive effects
@: short of breath, very slow
A: AC +0, large, see invisible, deformed body, poison resistance, slowness 2,
spit poison 1, naga tail 1
a: Spit Poison


You were on level 1 of the Dungeon.
You visited 1 branch of the dungeon, and saw 1 of its levels.

You collected 6 gold pieces.


Innate Abilities, Weirdness & Mutations

Your serpentine skin is tough. (AC +0)
You have supernaturally acute eyesight. (SInv)
Armour fits poorly on your strangely shaped body.
Your system is resistant to poisons. (rPois)
You cover ground very slowly.
You can spit poison.
You have a snake-like lower body.


   Skills:
 - Level 2.0 Fighting
 + Level 4.1 Ranged Weapons
 - Level 1.5 Dodging
 - Level 1.5 Stealth


You had one spell level left.
You didn't know any spells.
Your spell library was empty.

Inventory:

Hand Weapons
 a - a +0 shortbow (weapon)
Armour
 c - a +0 leather armour (worn)
Scrolls
 b - a scroll of butterflies

Dungeon Overview and Level Annotations

Branches:
Dungeon (1/15)

Altars:


Message History

The frilled lizard bites you but does no damage.
You shoot an arrow.
The arrow closely misses the frilled lizard.
You have got your breath back.
The frilled lizard closely misses you.
The frilled lizard bites you but does no damage.
The frilled lizard barely misses you. x2; The frilled lizard closely misses you.
The frilled lizard bites you.
157 ||| INVOKING Spit Poison.
Aiming: Spit Poison (2% risk of failure)
Press: ? - help, Shift-Dir - straight line, f/p - frilled lizard The splash of poison misses the frilled lizard.
The frilled lizard misses you.
The frilled lizard unfolds its giant frill.
The frilled lizard bites you.
The frilled lizard bites you but does no damage.
You shoot an arrow.
The arrow barely misses the frilled lizard.
The frilled lizard hisses.
The frilled lizard bites you. The frilled lizard barely misses you.
The frilled lizard misses you.
You shoot an arrow. The arrow hits the frilled lizard!
You kill the frilled lizard!
The frilled lizard bites you but does no damage.
The frilled lizard closely misses you.
You shoot an arrow.
The arrow barely misses the frilled lizard.
The frilled lizard bites you. The frilled lizard barely misses you.
The frilled lizard closely misses you.
You shoot an arrow. The arrow hits the frilled lizard.
You kill the frilled lizard!
You have got your breath back.
The frilled lizard closely misses you. x2; The frilled lizard barely misses you.
The frilled lizard bites you. The frilled lizard barely misses you.
162 ||| INVOKING Spit Poison.
Aiming: Spit Poison (2% risk of failure)
Press: ? - help, Shift-Dir - straight line, f - frilled lizard The splash of poison misses the frilled lizard.
The frilled lizard bites you. x2
You die...

.............########
............##
#+#......##.#
######+##.# #.# #.#
#.# #.# #@#
#.[...lll# #......$.+
#.........
###+###...~ #..~~~
#..~~~~ #...~~~~


You could see 3 frilled lizards.

Vanquished Creatures
  2 dart slugs (D:1)
  An endoplasm (D:1)
  A goblin (D:1)
  A hobgoblin (D:1)
  A quokka (D:1)
  2 frilled lizards (D:1)
8 creatures vanquished.

Notes
Turn   | Place    | Note
-------+----------+-------------------------------------------
     0 | D:1      | qw the Naga Hunter began the quest for the Orb.
     0 | D:1      | Reached XP level 1. HP: 19/19 MP: 1/1
     0 | D:1      | 0 ||| qw: Version: 0.3-a-9-g12657ce
     0 | D:1      | 0 ||| qw: Game counter: 1140
     0 | D:1      | 0 ||| qw: Always use a shield: true
     0 | D:1      | 0 ||| qw: God list: Okawaru
     0 | D:1      | 0 ||| qw: Allow faded altars: false
     0 | D:1      | 0 ||| qw: Do Orc after D:15 true
     0 | D:1      | 0 ||| qw: Do second Lair branch before Depths: true
     0 | D:1      | 0 ||| qw: Lair rune preference: random
     0 | D:1      | 0 ||| qw: Plans: Normal
     0 | D:1      | 0 ||| PLANNING D:1-11
    16 | D:1      | 16 ||| INVOKING Spit Poison.
    19 | D:1      | 19 ||| INVOKING Spit Poison.
    37 | D:1      | 37 ||| INVOKING Spit Poison.
    39 | D:1      | Reached skill level 4 in Ranged Weapons
    39 | D:1      | Reached XP level 2. HP: 26/26 MP: 2/2
   145 | D:1      | 145 ||| INVOKING Spit Poison.
   148 | D:1      | 148 ||| INVOKING Spit Poison.
   151 | D:1      | 151 ||| INVOKING Spit Poison.
   157 | D:1      | 157 ||| INVOKING Spit Poison.
   157 | D:1      | HP: 6/26 [frilled lizard (1)]
   162 | D:1      | 162 ||| INVOKING Spit Poison.
   162 | D:1      | HP: 1/26 [frilled lizard (2)]
   162 | D:1      | Slain by a frilled lizard

Levels and vault maps discovered:
D:1:      minmay_arrival_arboretum_small, layout_basic, basic_ecumenical_altar,
          minmay_lizard_pond

Skill      XL: |  1 |
---------------+----+-----
Ranged Weapons | 4 |  4.1
Fighting       | |  2.0
Dodging        | |  1.5
Stealth        | |  1.5

Action                     || total
---------------------------++-------
   Fire: Shortbow          ||    19
Ability: Spit Poison       ||     8
 Armour: Leather armour    ||    10
  Dodge: Dodged            ||    25

Table legend:
 A = Non-vault XP
 B = Vault XP
 C = Vault XP percentage of total XP
 D = Non-vault monster count
 E = Vault monster count
 F = Vault count percentage of total count
                 A         B        C        D         E       F
            +---------+---------+-------+---------+---------+-------
      Total |      16 |       2 |  11.1 |       6 |       2 |  25.0
            +---------+---------+-------+---------+---------+-------
        D:1 |      16 |       2 |  11.1 |       6 |       2 |  25.0
            +---------+---------+-------+---------+---------+-------
